 Dungeon Crawl Stone Soup version 0.22.0-6-g71bd7aa6b3 (webtiles) character file.

242 Freyura the Shield-Bearer (level 6, 0/48 HPs)
             Began as a Formicid Fighter on Aug 15, 2018.
             Killed from afar by an orc wizard (3 damage)
             ... with a magic dart
             ... on level 4 of the Dungeon.
             The game lasted 00:07:43 (2530 turns).

Freyura the Shield-Bearer (Formicid Fighter)        Turns: 2530, Time: 00:07:43

Health: 0/48       AC: 11    Str: 21    XL:     6   Next: 30%
Magic:  6/6        EV:  5    Int:  7    God:
Gold:   190        SH: 10    Dex: 12    Spells: 5/5 levels left

rFire    . . .     SeeInvis +   a - +0 flail
rCold    . . .     Gourm    .   c - +0 shield
rNeg     . . .     Faith    .   m - +0 plate armour
rPois    .         Spirit   .   (helmet unavailable)
rElec    .         Reflect  .   (no cloak)
rCorr    .         Harm     .   (no gloves)
MR       .....                  (no boots)
Stlth    ..........             (no amulet)
HPRegen  0.16/turn              (no ring)
MPRegen  0.10/turn              (no ring)

@: no status effects
A: permanent stasis, dig shafts and tunnels, four strong arms, antennae 3
a: Dig, Shaft Self


You were on level 4 of the Dungeon.
You were not hungry.

You visited 1 branch of the dungeon, and saw 4 of its levels.

You collected 190 gold pieces.

Inventory:

Hand Weapons
 a - a +0 flail (weapon)
Armour
 c - a +0 shield (worn)
 m - a +0 plate armour (worn)
Wands
 k - a wand of acid (5)
Scrolls
 e - 3 scrolls of identify
 h - a scroll of remove curse {unknown}
 j - 2 scrolls of noise {unknown}
 o - a scroll of amnesia {unknown}
 p - a scroll of random uselessness {unknown}
Potions
 d - 3 potions of might
 i - a potion of curing {unknown}
 l - 3 potions of ambrosia {unknown}
 n - a potion of haste {unknown}
Comestibles
 f - a ration


   Skills:
 + Level 4.1 Fighting
 * Level 4.0 Maces & Flails
 + Level 4.1 Armour
 + Level 1.7 Dodging
 + Level 4.7 Shields


You had 5 spell levels left.
You didn't know any spells.
Your spell library was empty.

Dungeon Overview and Level Annotations

Branches:
Dungeon (4/15)
 Temple: D:4-7

Altars:
Fedhas
Kikubaaqudgha
Qazlal
Uskayaw
Vehumet
Xom


Innate Abilities, Weirdness & Mutations

You cannot be hasted, slowed, berserked, paralysed or teleported.
You can dig through walls and to a lower floor.
Your four strong arms can wield two-handed weapons with a shield.
You have a pair of large antennae on your head. (SInv)


Message History

The orc wizard casts a spell.
The orc wizard blinks!
You closely miss the orc priest.
The orc priest is almost dead.
The orc priest hits you but does no damage.
Your plate armour prevents you from hitting the orc priest.
The orc priest is almost dead.
The orc priest invokes the aid of Beogh against you.
Beogh smites you!
* * * LOW HITPOINT WARNING * * *
You sock the orc priest!
You kill the orc priest!
Your Maces & Flails skill increases to level 4!
You closely miss the orc. You hit the orc wizard.
The orc wizard is severely wounded.
You block the orc wizard's attack.
The orc wizard points at you and mumbles some strange words.
The magic dart hits you!
You die...

#..)....#
#####...####.........#
...........+.........+
#####...####.........
##.## ....... #.#
..... ###.# .o. #...#
#o# #.### #@# #.#
#.####### #.#
##........ #.#####
##......... #.#...##
#.......... #......#
##.......(. #......#
##........
##.....######........
##..................


You could see an orc wizard and an orc.

Vanquished Creatures
  2 hounds (D:3)
  An orc priest (D:4)
  Terence (D:3)
  A worker ant (D:4)
  A gnoll (D:3)
  3 adders
  An ooze (D:3)
  A worm (D:2)
  2 dart slugs
  A leopard gecko (D:3)
  2 orcs
  2 ball pythons
  2 giant cockroaches (D:3)
  6 goblins
  6 hobgoblins
  9 kobolds
  7 bats
  2 frilled lizards
  10 rats
60 creatures vanquished.

Notes
Turn   | Place    | Note
-------+----------+-------------------------------------------
     0 | D:1      | Freyura the Formicid Fighter began the quest for the Orb.
     0 | D:1      | Reached XP level 1. HP: 18/18 MP: 1/1
   103 | D:1      | Reached XP level 2. HP: 23/24 MP: 2/2
   711 | D:2      | Reached XP level 3. HP: 29/29 MP: 3/3
  1159 | D:2      | Found a blossoming altar of Fedhas.
  1160 | D:2      | Found an ancient bone altar of Kikubaaqudgha.
  1472 | D:2      | Reached XP level 4. HP: 36/36 MP: 4/4
  2056 | D:3      | Reached skill level 1 in Dodging
  2138 | D:3      | Noticed Terence
  2153 | D:3      | Killed Terence
  2153 | D:3      | Reached XP level 5. HP: 32/42 MP: 5/5
  2305 | D:3      | Found a hide-covered altar of Uskayaw.
  2308 | D:3      | Found a shimmering altar of Xom.
  2312 | D:3      | Found a stormy altar of Qazlal.
  2450 | D:4      | Found a radiant altar of Vehumet.
  2460 | D:4      | Reached XP level 6. HP: 41/48 MP: 6/6
  2527 | D:4      | HP: 2/48 [orc priest/divine providence (13)]
  2530 | D:4      | Killed from afar by an orc wizard

Skill      XL: |  1  2  3  4  5  6 |
---------------+-------------------+-----
Shields        | 4 |  4.7
Maces & Flails | 3 4 |  4.0
Dodging        | 1 |  1.7
Fighting       | 4 |  4.1
Armour         | 4 |  4.1

Action                   |  1- 3 |  4- 6 || total
-------------------------+-------+-------++-------
Melee: Flail             |    92 |   132 ||   224
 Abil: Dig               |     1 |       ||     1
  Use: Scroll            |       |     1 ||     1
  Eat: Ration            |     1 |     1 ||     2
Armor: Scale mail        |    45 |    23 ||    68
       Plate armour      |       |    46 ||    46
Dodge: Dodged            |    30 |    43 ||    73
Block: Shield            |    55 |    84 ||   139
